 Dungeon Crawl Stone Soup version 0.16-a0-253-g996e5b4 (webtiles) character file.

106 PolkaDot the Insei (level 4, -3/36 HPs)
             Began as a Draconian Transmuter on Aug 23, 2014.
             Slain by a gnoll
             ... wielding a +2 flail of holy wrath
              (9 damage)
             ... on Level 1 of the Dungeon.
             The game lasted 00:07:40 (2142 turns).

PolkaDot the Insei (Draconian Transmuter)           Turns: 2142, Time: 00:07:41

HP  -3/36        AC  7     Str  9      XL: 4   Next: 55%
MP   5/7         EV 12     Int 13      God:
Gold 97          SH  0     Dex 13      Spells:  2 memorised,  4 levels left

rFire  . . .     SeeInvis .       - Unarmed
rCold  . . .     Clarity  .     (armour unavailable)
rNeg   . . .     rCorr    .     (no shield)
rPois  .         rRot     .     (helmet restricted)
rElec  .         Spirit   .     k - +0 cloak
SustAb .         Warding  .     e - +0 pair of gloves
rMut   .         Stasis   .     (no boots)
Gourm  .                        (no amulet)
MR     .....                    (no ring)
                                o - cursed -3 ring of strength

@: not resistant to hostile enchantments, very unstealthy
A: unfitting armour, cold-blooded, AC +5
a: no special abilities


You were on level 1 of the Dungeon.
You were hungry.

You visited 1 branch of the dungeon, and saw 2 of its levels.

You collected 97 gold pieces.

Inventory:

Missiles
 b - 8 arrows
Armour
 e - a +0 pair of gloves (worn)
 k - a +0 cloak (worn)
Comestibles
 a - 2 bread rations
 c - a beef jerky
 i - a rotting chunk of goblin flesh {@w1}
 l - a royal jelly
 p - 2 rotting chunks of quokka flesh {@w1}
Scrolls
 j - a scroll of blinking {unknown}
 n - 2 scrolls of teleportation
Jewellery
 o - a cursed -3 ring of strength (left hand)
Potions
 m - a potion of brilliance
Books
 d - a book of Changes

   Spells                             Type                      Level
   *Beastly Appendage                 Transmutation                1
   *Sticks to Snakes                  Transmutation                2
   Spider Form                        Transmutation/Poison         3
   Ice Form                           Ice/Transmutation            4
   Blade Hands                        Transmutation                5


   Skills:
 - Level 2.2 Fighting
 - Level 1.7 Dodging
 * Level 4.8 Unarmed Combat
 - Level 2.0 Spellcasting
 + Level 2.4 Transmutations


You had 4 spell levels left.
You knew the following spells:

 Your Spells              Type           Power        Failure   Level  Hunger
a - Beastly Appendage     Trmt           #.....       12%         1    ##.....
b - Sticks to Snakes      Trmt           #.........   17%         2    ###....


Dungeon Overview and Level Annotations

Branches:
Dungeon (2/15)

Altars:
Ashenzari


Innate Abilities, Weirdness & Mutations

Your plain brown scales are hard (AC +5).
Your body does not fit into most forms of armour.
Your cold-blooded metabolism reacts poorly to cold.


Message History

You are now empty-handed.
You barely miss the gnoll. The gnoll barely misses you.
Your ball python barely misses the gnoll. x2
The kobold hits your ball python with a short sword.
You hit the gnoll.
You tail-slap the gnoll, but do no damage.
The gnoll is heavily wounded.
Your ball python closely misses the gnoll.
Your ball python barely misses the gnoll.
The kobold closely misses your ball python.
The gnoll hits you with a runed flail.
* * * LOW HITPOINT WARNING * * *
You hit the gnoll.
The gnoll is severely wounded.
Your ball python bites the gnoll but does no damage.
Your ball python grabs the gnoll.
Your ball python constricts the gnoll.
The kobold hits your ball python with a short sword.
Your ball python dies!
The gnoll hits you with a runed flail!
You die...

...# ##.### #......#.......(#
...# #....# ##'#......#####.#
...# #....# #)#.####.# #.# ...#
#....# #.#.#....# #.# ...#
#....# #.#...#### #.# ...#
##'### ###.#...# ###.# ...# #.#
#...##..# #.... .###
#.#########.##..# #.#.#
.#######'#....Kg@..##..# #.#.#
.##>.......####....##..# ###..
.##........####.#......# ###
..............#.#####.#########
#####.........#.#####.# #.....#
..............#......[# #.##.##
#####.................# #.##.#
...........#.......(..###.#..#
#####......#..............#.##


You could see a gnoll and a kobold.

Vanquished Creatures
  Ijyb (D:2)
  4 adders (D:2)
  2 gnolls (D:2)
  A giant gecko (D:1)
  An ooze (D:1)
  A giant cockroach (D:1)
  2 goblins (D:2)
  4 hobgoblins
  2 jackals (D:2)
  A quokka (D:1)
  6 bats
  2 giant newts (D:2)
  5 kobolds
  4 rats (D:1)
36 creatures vanquished.

Notes
Turn   | Place    | Note
--------------------------------------------------------------
     0 | D:1      | PolkaDot, the Draconian Transmuter, began the quest for the Orb.
     0 | D:1      | Reached XP level 1. HP: 16/16 MP: 3/3
   283 | D:1      | Reached XP level 2. HP: 24/24 MP: 4/4
  1076 | D:2      | Noticed Ijyb
  1078 | D:2      | Reached XP level 3. HP: 27/29 MP: 6/6
  1136 | D:2      | Killed Ijyb
  1136 | D:2      | Reached skill level 4 in Unarmed Combat
  1562 | D:2      | Found a shattered altar of Ashenzari.
  1569 | D:2      | Reached XP level 4. HP: 36/36 MP: 5/7
  1610 | D:2      | Learned a level 2 spell: Sticks to Snakes
  2142 | D:1      | Slain by a gnoll

Action                   |  1- 3 |  4- 6 || total
-------------------------+-------+-------++-------
Melee: Unarmed           |   128 |    44 ||   172
 Cast: Beastly Appendage |     2 |     2 ||     4
       Sticks to Snakes  |       |     4 ||     4
  Use: Scroll            |     2 |       ||     2
 Stab: Sleeping          |     1 |       ||     1
  Eat: Chunk             |     2 |     2 ||     4
